 Dungeon Crawl Stone Soup version 0.27-a0-1548-gf8a67e7463 (webtiles) character file.

Game seed: 15367625604010968347

5625 dolemite99 the Grappler (level 10, -3/102 HPs)
             Began as a Troll Transmuter on July 14, 2021.
             Was a Follower of Yredelemnul.
             Slain by Jorgrun (10 damage)
             ... on level 12 of the Dungeon.
             The game lasted 00:13:44 (7711 turns).

dolemite99 the Grappler (Troll Transmuter)          Turns: 7711, Time: 00:13:45

Health: -3/102     AC:  6    Str: 21    XL:     10   Next: 46%
Magic:  10/10      EV:  8    Int: 11    God:    Yredelemnul [*.....]
Gold:   246        SH:  0    Dex: 10    Spells: 10/11 levels left

rFire    . . .     SeeInvis .     - Unarmed
rCold    . . .     Faith    .   (no shield)
rNeg     . . .     Spirit   .   a - +2 robe
rPois    .         Reflect  .   (helmet restricted)
rElec    .         Harm     .   (no cloak)
rCorr    .         Rampage  .   (gloves unavailable)
Will     .....                  (boots unavailable)
Stlth    +.........             (no amulet)
HPRegen  1.27/turn              e - ring of wizardry
MPRegen  0.12/turn              (no ring)

@: mighty, grasped by roots, constricted
A: large, unfitting armour, claws 3, regeneration 1, shaggy fur 1, tough skin 1
a: Renounce Religion, Animate Remains


You were on level 12 of the Dungeon.
You worshipped Yredelemnul.
Yredelemnul was aware of your devotion.
You visited 1 branch of the dungeon, and saw 10 of its levels.
You also visited: Ossuary.

You collected 418 gold pieces.
You spent 172 gold pieces at shops.

Inventory:

Hand Weapons
 f - a +1 war axe of flaming
Missiles
 g - 165 stones
 j - 3 large rocks (quivered)
 q - 10 poisoned darts
 r - 14 arrows
 t - 37 sling bullets
Armour
 a - a +2 robe (worn)
Jewellery
 e - a ring of wizardry (left claw)
Wands
 o - a wand of polymorph (2)
Scrolls
 c - 4 scrolls of holy word
 h - 4 scrolls of enchant armour
 m - 2 scrolls of amnesia
 u - a scroll of magic mapping
 x - 2 scrolls of identify {@r1}
Potions
 d - 4 potions of curing
 i - 3 potions of degeneration
 k - 2 potions of brilliance {unknown}
 l - a potion of berserk rage
 p - a potion of magic
 s - a potion of heal wounds
 w - a potion of attraction {unknown}


   Skills:
 + Level 7.1 Fighting
 - Level 7.1 Throwing
 + Level 5.0 Dodging
 * Level 9.5 Unarmed Combat
 - Level 1.2 Spellcasting
 - Level 1.3 Transmutations


You had 10 spell levels left.
You knew the following spells:

 Your Spells              Type           Power      Damage    Failure   Level
a - Beastly Appendage     Tmut           6%         N/A       8%          1

Your spell library contained the following spells:

 Spells                   Type           Power      Damage    Failure   Level
 Wereblood                Tmut           3%         N/A       11%         2
 Poisonous Vapours        Pois/Air       0%         N/A       19%         2
 Slow                     Hex            0%         N/A       19%         2
 Spider Form              Tmut/Pois      1%         N/A       26%         3
 Confusing Touch          Hex            0%         N/A       34%         3
 Mephitic Cloud           Conj/Pois/Air  0%         N/A       34%         3
 Vampiric Draining        Necr           0%         2d6       34%         3
 Ice Form                 Ice/Tmut       2%         N/A       65%         4
 Freezing Cloud           Conj/Ice/Air   0%         6-21      96%         5


Dungeon Overview and Level Annotations

Branches:
Dungeon (12/15)            Temple (0/1) D:6             Orc (0/2) D:11
Ossuary (visited)
   Lair: D:8-11

Altars:
Elyvilon
Sif Muna
Xom
Yredelemnul
The Shining One

Shops:
D:2 [   D:3 *   D:5 !   D:6 *([(=

Annotations:
D:3 exclusion: downstairs
D:4 Ijyb
D:12 Jorgrun


Innate Abilities, Weirdness & Mutations

You are too large for most types of armour.
You have claws for hands.
Your natural rate of healing is unusually fast.
You are covered in fur. (AC +1)
You have tough skin. (AC +1)


Message History

The iron shot misses you.
You barely miss Jorgrun.
Jorgrun is lightly wounded.
A troll comes into view.
Jorgrun hits you with a +0 vorpal quarterstaff!
You claw Jorgrun!
Jorgrun is lightly wounded.
You claw Jorgrun!
Jorgrun is lightly wounded.
Jorgrun barely misses you.
You closely miss Jorgrun.
Jorgrun is lightly wounded.
Jorgrun hits you with a +0 vorpal quarterstaff!
You claw Jorgrun!
Jorgrun is moderately wounded.
Jorgrun hits you with a +0 vorpal quarterstaff.
You claw Jorgrun! Your claw misses Jorgrun.
Jorgrun is moderately wounded.
Jorgrun closely misses you.
You mangle Jorgrun!!
Jorgrun is severely wounded.
You claw Jorgrun!
Jorgrun is severely wounded.
Jorgrun gestures at you while chanting.
Roots burst forth from the earth!
The grasping roots grab you! The grasping roots constrict you.
You closely miss Jorgrun.
Jorgrun is severely wounded.
Jorgrun hits you with a +0 vorpal quarterstaff.
The grasping roots constrict you!
You closely miss Jorgrun.
Jorgrun is severely wounded.
The troll barely misses you. The troll claws you!
The troll claws you but does no damage.
Jorgrun points at you and mumbles some strange words.
The wall shatters!
The blast of rock fragments hits you!!
* * * LOW HITPOINT WARNING * * *
You die...
Your body rises from the dead as a mindless zombie.

#.......#
#.#..#.#
#......#
#.##...# #
...#<##
#....#..
#......#
#.#.#gT##
#....@..#
###.#.##.#
.. #.# ##
#.# #.#
#.# ###


You could see Jorgrun and a troll.

Vanquished Creatures
  Josephine (D:11)
  A hydra (D:11)
  A kobold demonologist (D:11)
  Grinder (D:6)
  A wyvern (D:7)
  3 wraiths (D:11)
  Eustachio (D:3)
  A water moccasin (D:6)
  A black bear (D:6)
  Duvessa (D:6)
  A sky beast (D:5)
  An orc warrior (D:4)
  An ice beast (D:6)
  2 necrophages
  An ogre (D:3)
  4 phantoms
  4 scorpions
  A water moccasin zombie (D:5)
  Dowan (D:6)
  5 howler monkeys
  4 bullfrog zombies
  4 centaur zombies
  2 orc priests
  2 hounds (D:5)
  A jelly (D:5)
  3 human zombies (Ossuary)
  2 bullfrog skeletons
  A gnoll shaman (D:7)
  2 iguanas (D:6)
  2 orc wizards
  3 killer bee zombies
  4 mummies
  2 howler monkey zombies (D:7)
  2 adders (D:5)
  5 gnolls (D:7)
  A howler monkey skeleton (D:5)
  2 white imps
  2 adder zombies (Ossuary)
  The ghost of Likado the Covert, a weakling GnDe (D:4)
  3 dart slugs
  17 orcs
  9 endoplasms
  4 giant cockroaches
  A gnoll zombie (Ossuary)
  6 goblins
  8 hobgoblins
  6 jackals
  2 quokkas
  A ball python (D:2)
  7 bats
  A frilled lizard (D:2)
  2 goblin zombies (Ossuary)
  4 hobgoblin zombies
  4 jackal zombies (Ossuary)
  5 kobolds
  5 kobold zombies
  5 orc zombies
  4 quokka zombies (Ossuary)
  2 rats
  6 rat zombies (Ossuary)
180 creatures vanquished.

Notes
Turn   | Place    | Note
-------+----------+-------------------------------------------
     0 | D:1      | dolemite99 the Troll Transmuter began the quest for the
                  | Orb.
     0 | D:1      | Reached XP level 1. HP: 18/18 MP: 1/1
    74 | D:1      | Reached XP level 2. HP: 26/26 MP: 2/2
   518 | D:2      | Found Ciczirra's Antique Armour Boutique.
   524 | D:2      | Reached skill level 4 in Unarmed Combat
   822 | D:2      | Reached XP level 3. HP: 32/32 MP: 3/3
  1141 | D:2      | Found a faded altar of an unknown god.
  1748 | D:3      | Noticed an ogre
  1775 | D:3      | Learned a level 2 spell: Wereblood
  1781 | D:3      | Killed an ogre
  1782 | D:3      | Reached skill level 5 in Unarmed Combat
  1782 | D:3      | Reached XP level 4. HP: 40/40 MP: 2/4
  1899 | D:4      | Noticed Eustachio
  1945 | D:3      | Reached XP level 5. HP: 45/46 MP: 5/5
  2054 | D:3      | Found Otiwoh's Assorted Antiques.
  2062 | D:3      | Bought a blue potion for 19 gold pieces
  2062 | D:3      | Bought a scroll labelled ATYFUITWU for 22 gold pieces
  2067 | D:3      | Bought a scroll labelled WITIGU ULOA for 22 gold pieces
  2067 | D:3      | Bought a scroll labelled UKHLUN DOSHRIGARR for 22 gold
                  | pieces
  2067 | D:3      | Bought a scroll labelled RIOCIUPEDAMP for 22 gold pieces
  2393 | D:3      | Killed Eustachio
  2394 | D:3      | Reached skill level 6 in Unarmed Combat
  2394 | D:3      | Reached XP level 6. HP: 38/54 MP: 6/6
  2645 | D:4      | Reached skill level 7 in Unarmed Combat
  2697 | D:4      | Found a runed translucent gate.
  2697 | D:4      | Found a runed translucent gate.
  2698 | D:4      | Found a runed translucent gate.
  2706 | D:4      | Noticed Likado's ghost (weakling GnDe)
  2738 | D:4      | Killed Likado's ghost
  2836 | D:4      | Reached skill level 1 in Throwing
  2967 | D:4      | Noticed an orc warrior
  2969 | D:4      | Noticed Ijyb
  3008 | D:4      | Killed an orc warrior
  3353 | D:4      | Reached XP level 7. HP: 45/61 MP: 7/7
  3753 | D:5      | Entered Level 5 of the Dungeon
  3906 | D:5      | Reached skill level 5 in Throwing
  3975 | D:5      | You fall into a shaft and drop 1 floor!
  3975 | D:6      | Noticed Duvessa
  3975 | D:6      | Noticed Dowan
  3975 | D:6      | Found Joylor's Weapon Boutique.
  3989 | D:6      | Killed Duvessa
  3990 | D:6      | Reached XP level 8. HP: 45/68 MP: 8/8
  4003 | D:6      | Killed Dowan
  4022 | D:6      | Found Ixyr's Weapon Shop.
  4364 | D:5      | Found Wenlistu's Distillery.
  4428 | D:5      | Bought a potion of heal wounds for 65 gold pieces
  4515 | D:5      | Reached skill level 1 in Fighting
  4923 | D:6      | Found a staircase to the Ecumenical Temple.
  5042 | D:6      | Found Moutuh's Jewellery Emporium.
  5270 | D:6      | Reached XP level 9. HP: 87/87 MP: 9/9
  5272 | D:6      | Reached skill level 5 in Fighting
  5327 | D:6      | Found Sofidax's Antique Armour Shop.
  5376 | D:6      | Noticed Grinder
  5390 | D:6      | Killed Grinder
  5481 | D:6      | Found Bemaong's Assorted Antiques.
  5722 | D:7      | Found a sand-covered staircase.
  5768 | Ossuary  | Entered an ossuary
  6503 | D:7      | Found a white marble altar of Elyvilon.
  6503 | D:7      | Found a faded altar of an unknown god.
  6510 | D:7      | Found a faded altar of an unknown god.
  6512 | D:7      | Found a shimmering altar of Xom.
  6513 | D:7      | Found a glowing golden altar of the Shining One.
  6650 | D:7      | Found a shimmering blue altar of Sif Muna.
  6827 | D:7      | Found a basalt altar of Yredelemnul.
  6839 | D:7      | Became a worshipper of Yredelemnul the Dark
  7111 | D:8      | You fall into a shaft and drop 3 floors!
  7435 | D:11     | Reached skill level 8 in Unarmed Combat
  7476 | D:11     | Noticed Josephine
  7477 | D:11     | Noticed a five-headed hydra
  7488 | D:11     | Killed Josephine
  7489 | D:11     | Reached XP level 10. HP: 83/100 MP: 10/10
  7504 | D:11     | Killed a five-headed hydra
  7505 | D:11     | Reached skill level 9 in Unarmed Combat
  7553 | D:11     | Reached * piety under Yredelemnul
  7573 | D:11     | Noticed a smoke demon
  7574 | D:11     | Reached skill level 5 in Dodging
  7622 | D:11     | Noticed a skeletal warrior
  7631 | D:11     | Noticed a skeletal warrior
  7644 | D:11     | Noticed a skeletal warrior
  7650 | D:11     | Noticed a skeletal warrior
  7684 | D:12     | Noticed Jorgrun
  7711 | D:12     | Slain by Jorgrun

Illustrated notes

Levels and vault maps discovered:
D:1:      noname_arrival_rooms_in_the_neighbourhood, layout_rooms
D:2:      layout_rooms, serial_shops, nicolae_shop_window_shopping,
          serial_co_window_serial, co_window_of_opportunity_a,
          co_window_of_opportunity_a, co_window_paths_b, co_window_paths_a,
          co_window_cross_1, co_window_corner_a, co_window_corner_a,
          co_window_unsneaky_path_e, co_window_corner_cb, co_window_corner_b,
          co_window_broadway_a, co_window_unsneaky_path_e,
          co_window_unsneaky_path_d, co_window_corner_ca, glass_columns_b,
          glass_columns_a, glass_columns_a, glass_columns_b,
          shapermc_ecumenical_altar_mp_ritualfount, hex_intersection
D:3:      layout_loops_ring, serial_shops, shop, nrook_mini_vaults
D:4:      layout_loops_cross, ebering_ghost_rock_garden, minmay_mini_ossuary,
          uniq_ijyb, uniq_eustachio
D:5:      layout_loops_cross, serial_shops, nicolae_shop_waterfront,
          item_on_display_a
D:6:      layout_layer_cave, temple_statues, serial_shops, nicolae_diamond_shop,
          nicolae_shop_statue_plus, kennysheep_mini_moat, shop, shop,
          st_stairs_12, uniq_duvessa, uniq_grinder
D:7:      layout_cave_pools, nicolae_yredelemnul_corpse_copse,
          chequers_temple_overflow_minitemple, mainiacjoe_overflow_24_doors,
          nicolae_ossuary_entry_ruins, grunt_ministairs_8, kennysheep_doodads,
          minmay_misc_feat_cross
D:8:      layout_basic, lemuel_doored_altar, dpeg_lair_monsters,
          gammafunk_ghost_grave
D:11:     layout_cave_pools, nemelex_xobeh_ov_fountains_minmay, uniq_josephine
D:12:     layout_loops_cross, uniq_jorgrun

Skill      XL: |  1  2  3  4  5  6  7  8  9 10 |
---------------+-------------------------------+-----
Unarmed Combat | 4 5 6 7 8 9 |  9.5
Throwing       | 3 6 7 |  7.1
Fighting       | 4 6 7 |  7.1
Dodging        | 4 5 |  5.0
Spellcasting   | |  1.2
Transmutations | |  1.3

Action                   |  1- 3 |  4- 6 |  7- 9 | 10-12 || total
-------------------------+-------+-------+-------+-------++-------
Melee: Unarmed           |   122 |    76 |   358 |    35 ||   591
       Kick              |     1 |       |     3 |       ||     4
       Headbutt          |     1 |       |     3 |       ||     4
       Punch             |       |       |    14 |     1 ||    15
Throw: Stone             |    37 |    16 |       |     3 ||    56
       Large rock        |       |     3 |     8 |     2 ||    13
       Dart              |       |       |    52 |       ||    52
 Cast: Beastly Appendage |     1 |       |     2 |       ||     3
Evoke: Wand              |       |       |       |     6 ||     6
  Use: Scroll            |       |    11 |     8 |     2 ||    21
       Potion            |       |       |       |     1 ||     1
Armor: Robe              |    69 |    24 |   125 |    16 ||   234
       Skin              |       |       |     3 |       ||     3
Dodge: Dodged            |    99 |    34 |   158 |    28 ||   319

Table legend: (Time is in decaauts)
 A = Elapsed time spent in this place.
 B = Non-inter-level travel time spent in this place.
 C = Inter-level travel time spent in this place.
 D = Time resting spent in this place.
 E = Time spent auto-exploring this place.
 F = Levels seen in this place.
 G = Mean time per level.
                   A        B        C        D        E       F      G
               +--------+--------+--------+--------+--------+-----+--------+
         Total |   7666 |   7367 |    299 |   1310 |   3990 |  11 |  696.9 |
       Dungeon |   7347 |   7048 |    299 |   1289 |   3894 |  10 |  734.7 |
       Ossuary |    319 |    319 |      0 |     21 |     96 |   1 |  319.0 |
               +--------+--------+--------+--------+--------+-----+--------+

Top non-repeatable levels by time:
     D:3: 1298 daAuts
     D:6: 1103 daAuts
     D:4: 976 daAuts
     D:7: 972 daAuts
     D:2: 954 daAuts
     D:5: 816 daAuts
    D:11: 588 daAuts
     D:1: 514 daAuts
 Ossuary: 319 daAuts
     D:8: 96 daAuts
    D:12: 27 daAuts
